Map: Submarine LE

Players

RazerBlader

  • Race: Terran Terran
  • League: Master
  • Spawn Location: 11:00

Seither - Winner!

  • Race: Terran Terran
  • League: Grandmaster
  • Spawn Location: 5:00

Event: DreamHack SC2 Masters 2020 Winter

VOD

Have the link to the VOD?

Description

Time

  • Played on: Oct. 25, 2020, 6:02 a.m.
  • Length: 8:27

All games in this series

Show
View Real Time Build Order
Export as new Build Order

RazerBlader Terran 

Build Orders:  

Get SALT Encoding   

  12  0:00  SCV  
  13  0:12  SCV  
  14  0:17  Supply Depot  
  14  0:24  SCV  
  15  0:38  SCV  
  15  0:40  Barracks  
  16  0:44  Refinery  
  16  0:50  SCV  
  17  0:59  Barracks  
  17  1:02  SCV  
  18  1:15  SCV  
  19  1:27  Reaper  
  19  1:28  Supply Depot  
  19  1:32  Orbital Command  
  20  1:47  Reaper  
  21  1:58  SCV  
  22  2:04  Reaper  
  23  2:12  SCV  
  24  2:17  Command Center  
  24  2:21  Reaper  
  25  2:30  SCV  
  25  2:33  Refinery  
  26  2:41  Reaper  
  26  2:44  SCV  
  28  2:48  Supply Depot  
  28  2:58  SCV, Barracks Reactor  
  29  3:03  Command Center  
  29  3:10  SCV  
  30  3:13  Barracks Tech Lab  
  30  3:22  SCV  
  30  3:23  Factory  
  31  3:32  SCV  
  32  3:34  SCV  
  33  3:44  SCV  
  33  3:48  SCV  
  33  3:51  Marine x2  
  33  3:52  Marine  
  35  3:58  Stimpack  
  35  3:59  SCV  
  36  4:04  SCV  
  36  4:07  Starport  
  36  4:08  Marine  
  38  4:11  Factory Reactor  
  38  4:19  Orbital Command  
  38  4:26  Marine  
  38  4:29  Orbital Command  
  38  4:30  SCV  
  39  4:34  Marine x2  
  41  4:42  SCV  
  42  4:46  SCV  
  42  4:47  Marine  
  42  4:48  Supply Depot  
  42  4:52  Marine  
  45  4:54  SCV, Medivac  
  45  4:55  Medivac  
  45  4:56  Factory Tech Lab  
  45  4:58  SCV x2  
  52  5:00  Marine  
  52  5:07  SCV, Marine  
  54  5:10  SCV x2, Marine  
  58  5:16  Refinery, Siege Tank  
  58  5:17  Refinery  
  58  5:18  Marine  
  62  5:21  SCV  
  62  5:25  Marine  
  62  5:31  SCV x2  
  62  5:32  Engineering Bay  
  62  5:33  Engineering Bay  
  62  5:35  SCV  
  62  5:36  Marine  
  62  5:38  Marine  
  65  5:43  SCV, Marine  
  67  5:51  Siege Tank  
  67  5:52  SCV  
  67  5:54  Marine  
  72  5:57  Supply Depot, Marine  
  72  6:01  Missile Turret  
  72  6:03  Missile Turret, Marine  
  74  6:06  Medivac  
  75  6:12  Marine  
  75  6:15  Marine  
  77  6:21  Marine  
  78  6:30  Marine  
  76  6:33  Marine, Siege Tank  
  76  6:39  Marine  
  67  6:43  Orbital Command  
  51  6:47  Viking x2  
  51  6:48  Marine  
  57  6:57  Marine  
  58  7:06  Marine  
  60  7:14  Marine  
  51  7:23  Marine  
  49  7:32  Marine  
  41  7:41  Marine  
  37  7:44  Viking  
  37  7:50  Marine  
  29  7:59  Marine  
  21  8:08  Marine  
Show
View Real Time Build Order
Export as new Build Order

Seither Terran - Winner!

Build Orders:  

Get SALT Encoding   

  12  0:00  SCV  
  13  0:12  SCV  
  14  0:17  Supply Depot  
  14  0:24  SCV  
  15  0:39  SCV  
  15  0:41  Barracks  
  16  0:45  Refinery  
  16  0:51  SCV  
  16  0:56  Refinery  
  17  1:03  SCV  
  18  1:15  SCV  
  19  1:28  Reaper, Orbital Command  
  20  1:44  Factory  
  20  1:48  Supply Depot  
  20  1:57  SCV  
  21  2:03  Reaper  
  22  2:09  SCV  
  22  2:21  SCV  
  23  2:30  Command Center  
  23  2:31  Hellion  
  23  2:36  SCV  
  26  2:38  Barracks Reactor  
  26  2:42  Supply Depot  
  26  2:48  SCV  
  27  2:53  Widow Mine  
  29  3:01  Starport  
  29  3:05  SCV  
  30  3:14  Factory Tech Lab  
  30  3:16  Marine  
  30  3:17  SCV, Marine  
  33  3:29  SCV  
  34  3:34  Marine x2  
  34  3:37  Cyclone  
  39  3:46  Starport Tech Lab  
  39  3:47  SCV  
  35  3:58  Marine x2  
  35  3:59  SCV  
  35  4:01  Orbital Command  
  36  4:07  Banshee  
  36  4:08  Refinery  
  36  4:09  Siege Tank  
  42  4:15  SCV  
  42  4:16  Marine x2  
  44  4:27  SCV x2  
  46  4:34  Marine x2  
  46  4:36  Supply Depot  
  48  4:39  SCV x2  
  48  4:41  Siege Tank  
  53  4:51  SCV  
  54  4:57  SCV, Supply Depot  
  55  5:03  Viking x2, Marine  
  60  5:09  SCV x2, Supply Depot  
  60  5:13  Stimpack  
  62  5:19  Siege Tank  
  65  5:22  Supply Depot  
  65  5:36  Marine  
  65  5:37  SCV x2  
  68  5:44  Liberator  
  68  5:49  SCV x2  
  73  5:50  Supply Depot, Refinery  
  73  5:53  Siege Tank  
  73  5:56  Marine  
  77  6:00  Viking  
  77  6:01  SCV x2  
  81  6:13  SCV  
  81  6:14  SCV  
  83  6:25  SCV, Siege Tank  
  76  6:45  Viking x2  
  76  6:46  SCV, Marine  
  77  6:58  Siege Tank  
  77  6:59  SCV  
  81  7:03  Supply Depot  
  81  7:04  Supply Depot x2  
  78  7:16  Supply Depot  
  76  7:25  Marine  
  70  7:31  Orbital Command  
  63  7:38  Viking x2  
  65  7:44  SCV  
  66  7:52  Siege Tank  
  66  7:57  SCV x2  
Tags
 
Add a new tag
Caveats
  • Supply blocks, unpowered buildings, or Contaminate may cause inaccurate times.
  • Supply counts are checked every 10 seconds.